 Dungeon Crawl Stone Soup version 0.28.0-53-g5a82cb258f (webtiles) character file.

Game seed: 7092455392349496336

70 selky the Chopper (level 4, -1/61 HPs)
             Began as a Minotaur Berserker on July 8, 2022.
             Was a Follower of Trog.
             Slain by an orc priest
             ... wielding a +0 hand axe
              (6 damage)
             ... on level 2 of the Dungeon.
             The game lasted 00:01:08 (1607 turns).

selky the Chopper (Minotaur Berserker)              Turns: 1607, Time: 00:01:09

Health: -1/61      AC:  3    Str: 24    XL:     4   Next: 3%
Magic:  3/3        EV: 12    Int:  4    God:    Trog [*.....]
Gold:   69         SH:  0    Dex:  9    Spells: 3/3 levels left

rFire   . . .      SeeInvis .   a - +0 hand axe
rCold   . . .      Faith    .   (no shield)
rNeg    . . .      Spirit   .   b - +0 animal skin
rPois   .          Reflect  .   (helmet restricted)
rElec   .          Harm     .   (no cloak)
rCorr   .          Rampage  .   d - +0 pair of gloves
Will    .....                   (no boots)
Stlth   ..........              (no amulet)
HPRegen 0.20/turn               (no ring)
MPRegen 0.08/turn               (no ring)

@: berserking (expiring), very quick
A: horns 2, retaliatory headbutt
a: Renounce Religion, Berserk


You were on level 2 of the Dungeon.
You worshipped Trog.
Trog was aware of your devotion.
You visited 1 branch of the dungeon, and saw 2 of its levels.

You collected 69 gold pieces.

Inventory:

Hand Weapons
 a - a +0 hand axe (weapon)
Armour
 b - a +0 animal skin (worn)
 d - a +0 pair of gloves (worn)
Jewellery
 f - a +6 ring of intelligence
Wands
 h - a wand of flame (30)
Scrolls
 e - 2 scrolls of identify {unknown}
 g - a scroll of immolation {unknown}
Potions
 c - 2 potions of heal wounds {unknown}


   Skills:
 + Level 4.4 Fighting
 * Level 5.3 Axes
 - Level 2.4 Armour
 - Level 2.1 Dodging


You had 3 spell levels left.
You didn't know any spells.
Your spell library was empty.

Dungeon Overview and Level Annotations

Branches:
Dungeon (2/15)

Altars:

Shops:
D:1 :*[


Innate Abilities, Weirdness & Mutations

You have a pair of horns on your head.
You reflexively headbutt those who attack you in melee.


Message History

An orc priest comes into view. It is wielding a +0 hand axe.
The quokka bites you.
You hit the quokka.
You kill the quokka!
Trog accepts your kill.
You slash the orc!
You kill the orc!
Trog accepts your kill.
You have reached level 4!
You feel stronger.
The orc priest mumbles some strange prayers to Beogh against you.
Beogh smites you!
You are too injured to fight recklessly!
You are too injured to fight recklessly!
Unknown command.
A red film seems to cover your vision as you go berserk!
You feel yourself moving faster!
You feel mighty! The orc completely misses you.
An orc priest comes into view. It is wielding a +0 hand axe.
The orc priest calls down the wrath of Beogh upon you.
Beogh smites you!
* * * LOW HITPOINT WARNING * * *
You slash the orc!
You kill the orc!
Trog accepts your kill.
The orc priest mumbles some strange prayers to Beogh against you.
Pain shoots through your body!
* * * LOW HITPOINT WARNING * * *
You see here a +0 falchion.
An orc comes into view. It is wielding a +0 short sword.
Found a stone staircase leading down.
You feel a strong urge to attack something.
The orc shouts!
The orc moves out of view.
The orc priest hits you with a +0 hand axe.
* * * LOW HITPOINT WARNING * * *
You barely miss the orc priest. Your headbutt misses the orc priest.
You hit the orc priest.
The orc priest hits you with a +0 hand axe.
You die...

#.. #.#.##.#[#.#
...######.#.#..#.#.# #
..........#.#....#.###
#...........#.#.........
#...........#......#.###
.........).............
...##.).#############
..#.#.##.###
.>...oo@o..#
#.#.#..#.#.# #....#.#
#.#### # #. #. #


You could see 2 orc priests and an orc.

Vanquished Creatures
  A gnoll (D:1)
  3 adders (D:2)
  A worm (D:2)
  2 orcs (D:2)
  2 ball pythons
  2 bats (D:1)
  2 endoplasms
  A giant cockroach (D:1)
  4 hobgoblins
  4 jackals (D:2)
  2 quokkas (D:2)
  A goblin (D:1)
  A rat (D:1)
26 creatures vanquished.

Notes
Turn   | Place    | Note
-------+----------+-------------------------------------------
     0 | D:1      | selky the Minotaur Berserker began the quest for the Orb.
     0 | D:1      | Reached XP level 1. HP: 19/19 MP: 0/0
    51 | D:1      | Found a faded altar of an unknown god.
    83 | D:1      | Found Kidekk's Book Shoppe.
   199 | D:1      | Reached skill level 4 in Axes
   199 | D:1      | Reached XP level 2. HP: 22/27 MP: 1/1
   475 | D:1      | Found Faeduf's Assorted Antiques.
   486 | D:1      | Found Poezxin's Armour Emporium.
  1198 | D:2      | Reached XP level 3. HP: 25/33 MP: 2/2
  1355 | D:2      | Reached skill level 5 in Axes
  1601 | D:2      | Reached XP level 4. HP: 35/41 MP: 3/3
  1607 | D:2      | Slain by an orc priest

Illustrated notes

Levels and vault maps discovered:
D:1:      tarquinn_simple_flora_water_d, layout_basic,
          ebering_ecumenical_altar_petrified, serial_shops, shop,
          nicolae_shop_crystal, nicolae_square_shop
D:2:      minmay_recursive_quarters, layout_basic

Skill      XL: |  1  2  3 |
---------------+----------+-----
Fighting       | 4 |  4.4
Axes           | 4 5 |  5.3
Armour         | |  2.4
Dodging        | |  2.1

Action                   |  1- 3 |  4- 6 || total
-------------------------+-------+-------++-------
Melee: Hand axe          |    84 |     2 ||    86
       Headbutt          |    14 |       ||    14
Invok: Berserk           |     1 |     1 ||     2
Armor: Animal skin       |    16 |       ||    16
Dodge: Dodged            |    69 |     1 ||    70
